 Dungeon Crawl Stone Soup version 0.26.0-10-g1f06aea511 (webtiles) character file.

Game seed: 1522452380779820988

4152 Goblin1989 the Insei (level 10, -6/76 HPs)
             Began as a Demonspawn Delver on Jan 20, 2021.
             Was an Elder of Okawaru.
             Mangled by a gnoll
             ... wielding a +1 halberd of electrocution
              (16 damage)
             ... on level 8 of the Dungeon.
             The game lasted 00:18:56 (10793 turns).

Goblin1989 the Insei (Demonspawn Delver)           Turns: 10793, Time: 00:18:56

Health: -6/76      AC: 11    Str: 14    XL:     10   Next: 7%
Magic:  0/13       EV: 15    Int: 13    God:    Okawaru [****..]
Gold:   592        SH:  5    Dex: 15    Spells: 9/9 levels left

rFire    + + .     SeeInvis .     - Unarmed
rCold    + . .     Faith    .   (no shield)
rNeg     . . .     Spirit   +   v - +0 scale mail
rPois    +         Reflect  +   (no helmet)
rElec    .         Harm     .   V - scarf {rC+ rF+}
rCorr    .         Rampage  .   (gloves unavailable)
Will     .....                  L - +2 pair of boots
Stlth    +++.......             z - amulet of reflection
HPRegen  0.22/turn              o - ring of poison resistance
MPRegen  0.26/turn              f - ring of protection from fire

@: heroism
A: claws 3, spiny 1, magic shield, magic regeneration
a: Renounce Religion, Heroism


You were on level 8 of the Dungeon.
You worshipped Okawaru.
Okawaru was greatly pleased with you.
You visited 1 branch of the dungeon, and saw 10 of its levels.

You collected 592 gold pieces.

Inventory:

Hand Weapons
 a - a +0 short sword
 B - the +4 falchion of Zin {antimagic, Will+, unknown}
   (You found it on level 8 of the Dungeon)

   It reduces the magical energy of the wielder, and disrupts the spells and
   magical abilities of those hit.
   Natural abilities and divine invocations are not affected.
   It affects your willpower, your defense against some magical effects.
Missiles
 E - 9 boomerangs (quivered)
 U - 6 curare-tipped darts
 Z - 2 throwing nets {!d , @Q1}
Armour
 v - a +0 scale mail (worn)
 x - a scarf of repulsion
 L - a +2 pair of boots (worn)
 V - a scarf of resistance (worn)
Jewellery
 f - a ring of protection from fire (right claw)
 o - a ring of poison resistance (left claw)
 z - an amulet of reflection (around neck)
Wands
 g - a wand of digging (9) {@v1}
Scrolls
 c - 4 scrolls of fog
 e - 5 scrolls of fear
 y - a scroll of amnesia {unknown}
 D - 2 scrolls of enchant weapon {unknown}
 H - a scroll of immolation {unknown}
 K - 3 scrolls of enchant armour {unknown}
 M - 2 scrolls of magic mapping
 Q - 3 scrolls of teleportation {unknown}
 R - 3 scrolls of identify {@r1}
 T - 8 scrolls of remove curse {@r3}
 W - a scroll of blinking {unknown}
 Y - 2 scrolls of random uselessness {unknown}
Potions
 w - 2 potions of haste {@q3,}
 A - a potion of cancellation {unknown}
 C - a potion of degeneration {unknown}
 F - 3 potions of heal wounds {@q2}
 G - 3 potions of attraction
 I - 2 potions of ambrosia
 J - a potion of invisibility
 O - a potion of might {@q4}
 P - a potion of lignification {unknown}
 S - 3 potions of curing {@q1}
 X - 3 potions of berserk rage {unknown}


   Skills:
 + Level 6.0(11.0) Fighting
 - Level 3.0(8.0) Short Blades
 + Level 4.3(9.3) Throwing
 + Level 4.4(9.4) Armour
 + Level 5.0(10.0) Dodging
 - Level 4.5(9.5) Stealth
 * Level 7.6(12.6) Unarmed Combat
 - Level 4.0 Invocations
 - Level 4.0 Evocations


You had 9 spell levels left.
You didn't know any spells.
Your spell library contained the following spells:

 Spells                   Type           Power        Failure   Level
 Freeze                   Ice            0%           71%         1
 Sandblast                Erth           0%           71%         1
 Passwall                 Tmut/Erth      0%           83%         2
 Frozen Ramparts          Ice            0%           97%         3
 Ozocubu's Armour         Ice            0%           97%         3
 Stone Arrow              Conj/Erth      0%           97%         3
 Hailstorm                Conj/Ice       0%           100%        4
 Petrify                  Tmut/Erth      0%           100%        4
 Summon Ice Beast         Ice/Summ       0%           100%        4
 Lee's Rapid Deconstruct  Erth           0%           100%        5


Dungeon Overview and Level Annotations

Branches:
Dungeon (10/15)            Temple (0/1) D:6
   Lair: D:8-11         Orc: D:9-12

Altars:
Ashenzari
Cheibriados
Hepliaklqana
Kikubaaqudgha
Okawaru
Uskayaw
Xom
The Shining One

Shops:
D:5 :

Annotations:
D:8 1 transporter, Dracia's ghost, novice DsFi; Grum


Innate Abilities, Weirdness & Mutations

You have claws for hands.
You are partially covered in sharp spines.
When hurt, damage is shared between your health and your magic reserves.
You regenerate magic rapidly.


Message History

The wolf is struck by your spines.
You kill the wolf!
Okawaru accepts your kill. You block the gnoll's attack.
Your base Dodging skill increases to level 5!
Unknown command.
You claw the gnoll!
The gnoll is severely wounded.
The gnoll sergeant completely misses you.
Unknown command.
You scratch the gnoll.
You kill the gnoll!
Okawaru accepts your kill. The gnoll closely misses you.
You block the gnoll sergeant's attack.
Unknown command.
You closely miss the gnoll shaman. The gnoll shaman barely misses you.
You block the gnoll's attack.
The gnoll sergeant hits you but does no damage.
You are electrocuted!
You take 14 damage, and have 59/76 hp.
You now have 10/13 mp.
Unknown command.
You claw the gnoll shaman!
The gnoll shaman is severely wounded.
The gnoll shaman calls upon its god to speed up the gnoll.
The gnoll seems to speed up.
Unknown command.
You claw the gnoll shaman!
You kill the gnoll shaman!
Okawaru accepts your kill. You block the gnoll's attack.
The gnoll sergeant completely misses you.
Unknown command.
You scratch the gnoll.
The gnoll is lightly wounded.
You block the gnoll's attack.
The gnoll sergeant hits you but does no damage.
The gnoll hits you with a +0 club.
Unknown command.
You take 3 damage, and have 56/76 hp.
You now have 9/13 mp.
You claw the gnoll!
You kill the gnoll!
Okawaru accepts your kill.
The gnoll sergeant hits you but does no damage.
You are electrocuted!
Unknown command.
You take 12 damage, and have 44/76 hp.
You now have 8/13 mp.
You are too injured to fight recklessly!
Things that are here:
a +0 whip; a +0 leather armour You claw the gnoll!
You kill the gnoll!
Okawaru accepts your kill. The gnoll sergeant closely misses you.
There is an open translucent door here.
Things that are here:
a +0 flail; a wand of polymorph (9); a gnoll corpse The gnoll sergeant closely misses you.
Things that are here:
a +0 whip; a +0 leather armour The gnoll sergeant blocks your attack.
The gnoll sergeant blocks your attack.
The gnoll sergeant is struck by your spines.
The gnoll sergeant hits you but does no damage.
You claw the gnoll sergeant!
The gnoll sergeant is severely wounded.
The gnoll sergeant hits you with the +4 spear "Necaorphoa" {elec, +Rage rF+ rN+ Will-}!
You are electrocuted!!
* * * LOW HITPOINT WARNING * * *
You take 22 damage, and have 23/76 hp.
MASSIVE DAMAGE!!
You now have 6/13 mp.
The gnoll sergeant blocks your attack.
The gnoll sergeant is severely wounded.
The gnoll sergeant hits you with the +4 spear "Necaorphoa" {elec, +Rage rF+ rN+ Will-}.
* * * LOW HITPOINT WARNING * * *
You scratch the gnoll sergeant but do no damage.
The gnoll sergeant is severely wounded.
You take 3 damage, and have 20/76 hp.
You now have 5/13 mp.
The gnoll sergeant blocks your attack.
The gnoll sergeant is severely wounded.
The gnoll sergeant hits you with the +4 spear "Necaorphoa" {elec, +Rage rF+ rN+ Will-}.
* * * LOW HITPOINT WARNING * * *
The gnoll shouts!
You scratch the gnoll sergeant.
The gnoll sergeant is almost dead.
You hear a shout! x2
The gnoll hits you but does no damage.
The gnoll sergeant is struck by your spines.
You kill the gnoll sergeant!
Okawaru accepts your kill.
Unknown command.
The gnoll is struck by your spines. The gnoll hits you but does no damage.
There is an open translucent door here.
Things that are here:
a +0 flail; a wand of polymorph (9); a gnoll corpse Your scale mail prevents you from hitting the gnoll.
The gnoll is heavily wounded.
The gnoll completely misses you.
The gnoll hits you from afar with a +1 halberd of electrocution!
* * * LOW HITPOINT WARNING * * *
You are electrocuted!!
You die...

..........≈≈██.███g███.██≈≈..█
..........≈≈█....ghh..hg█≈≈..█
.......>..≈≈███.██h██h███≈≈..█
.██....█..≈≈..█.█ g█.█..≈≈..█
.....████.≈≈.██g█ █.██.≈≈..█
.....██ █.≈≈.█..█ █..█.≈≈..█
...(..███.≈≈.██g█████.██.≈≈..█
.......██.....█g█8)8█.█..≈≈..█
█.....███....©█.@)©.∆.█©.≈≈..█
█...█████.....█.█.).█.█..≈≈..█
....█..██.≈≈.██.██.██.██.≈≈..█
█......██.≈≈.█©.█...█..█.≈≈..█
█.....█...≈≈.██.█Ψ.Ψ█.██.≈≈..█
██.....██.≈≈..█.█...█.█..≈≈..█
██..████.≈≈███.██∆██.███≈≈(.█
██...███.≈≈█...........█≈≈..█
█.....██.≈≈██.███.███.██≈≈..█


You could see 3 gnolls.

Vanquished Creatures
  A two-headed ogre (D:8)
  A wyvern (D:8)
  A basilisk (D:9)
  A water moccasin (D:6)
  A black bear (D:8)
  2 ice beasts
  2 sky beasts
  A necrophage (D:9)
  An eye of draining (D:9)
  2 ogres
  A wolf (D:8)
  5 centaurs
  4 bullfrogs
  A gnoll sergeant (D:8)
  A water moccasin skeleton (D:8)
  4 scorpions
  4 howler monkeys
  3 vampire bats (D:5)
  3 electric eels (D:9)
  A hound (D:4)
  A gnoll shaman (D:8)
  3 orc wizards
  A jelly (D:5)
  4 orc priests
  A bullfrog skeleton (D:4)
  2 iguanas
  3 worker ants
  2 hound zombies
  2 hound skeletons
  19 gnolls
  A howler monkey skeleton (D:8)
  5 adders
  3 white imps
  An adder zombie (D:6)
  An adder skeleton (D:6)
  2 worms
  3 dart slugs
  3 leopard geckos
  21 orcs
  4 bats
  4 bat skeletons (D:5)
  2 bat zombies (D:5)
  A giant cockroach (D:4)
  8 goblins
  8 hobgoblins
  10 jackals
  2 quokkas
  5 frilled lizards
  8 kobolds
  A leopard gecko skeleton (D:6)
  2 quokka skeletons (D:6)
  A quokka zombie (D:6)
  9 rats
183 creatures vanquished.

Vanquished Creatures (others)
  A centaur (D:5)
  2 orc wizards (D:5)
  An iguana (D:5)
  A quokka (D:5)
  A quokka zombie (D:5)
  8 plants
14 creatures vanquished.

Grand Total: 197 creatures vanquished

Notes
Turn   | Place    | Note
-------+----------+-------------------------------------------
     0 | D:5      | Goblin1989 the Demonspawn Delver began the quest for the
                  | Orb.
     0 | D:5      | Reached XP level 1. HP: 18/18 MP: 1/1
     2 | D:5      | Found a broken altar of Ashenzari.
    15 | D:5      | Killed an orc wizard
    19 | D:5      | Killed a centaur
    22 | D:5      | Killed an iguana
    44 | D:5      | Found Qijiqas's Book Shoppe.
   155 | D:5      | Reached skill level 1 in Evocations
   155 | D:5      | Gained mutation: You are partially covered in sharp spines.
                  | [demonic ancestry]
   155 | D:5      | Reached XP level 2. HP: 24/24 MP: 2/2
   322 | D:5      | HP: 1/24 [iguana (3)]
   338 | D:5      | Gained mutation: You have sharp fingernails. [demonic
                  | ancestry]
   338 | D:5      | Reached XP level 3. HP: 3/29 MP: 3/3
   681 | D:5      | Reached skill level 1 in Unarmed Combat
   693 | D:5      | Gained mutation: You have very sharp fingernails. [demonic
                  | ancestry]
   693 | D:5      | Reached XP level 4. HP: 30/35 MP: 4/4
   781 | D:5      | Reached skill level 2 in Unarmed Combat
  1818 | D:1      | Found an iron altar of Okawaru.
  1838 | D:1      | Became a worshipper of Warmaster Okawaru
  1882 | D:1      | Reached XP level 5. HP: 41/41 MP: 5/5
  3050 | D:2      | Reached skill level 3 in Unarmed Combat
  3574 | D:3      | Found a hazy altar of Hepliaklqana.
  3623 | D:3      | Reached skill level 1 in Invocations
  3707 | D:3      | Gained mutation: You have claws for hands. [demonic
                  | ancestry]
  3707 | D:3      | Reached XP level 6. HP: 10/47 MP: 6/6
  4219 | D:3      | Found a glowing golden altar of the Shining One.
  4532 | D:3      | Found a hide-covered altar of Uskayaw.
  4535 | D:3      | Noticed a +0 hand axe
  4536 | D:3      | Noticed a +0 dagger
  4691 | D:4      | Got a translucent leather armour
  4701 | D:4      | Reached skill level 1 in Armour
  5150 | D:4      | Reached * piety under Okawaru
  5151 | D:4      | Reached skill level 4 in Unarmed Combat
  5151 | D:4      | Reached XP level 7. HP: 41/52 MP: 8/8
  5224 | D:4      | Reached skill level 1 in Throwing
  5811 | D:5      | Reached ** piety under Okawaru
  5912 | D:5      | Found an ancient bone altar of Kikubaaqudgha.
  5919 | D:5      | Gained mutation: When hurt, damage is shared between your
                  | health and your magic reserves. [demonic ancestry]
  5919 | D:5      | Reached XP level 8. HP: 53/60 MP: 10/10
  6071 | D:5      | Found a shimmering altar of Xom.
  6141 | D:6      | Found a staircase to the Ecumenical Temple.
  6427 | D:6      | Reached skill level 5 in Unarmed Combat
  6717 | D:6      | You fall into a shaft and drop 2 floors!
  6863 | D:8      | Identified the cursed +0 leather armour of Negligence {rN+
                  | Str+6 Dex-5} (You found it on level 4 of the Dungeon)
  6894 | D:8      | Noticed a two-headed ogre
  6906 | D:8      | Killed a two-headed ogre
  6906 | D:8      | Reached *** piety under Okawaru
  6906 | D:8      | Reached **** piety under Okawaru
  6907 | D:8      | Reached skill level 5 in Fighting
  6907 | D:8      | Reached skill level 6 in Unarmed Combat
  6907 | D:8      | Reached XP level 9. HP: 53/68 MP: 8/12
  7014 | D:8      | Got a crystal falchion
  7297 | D:8      | Identified the +4 spear "Necaorphoa" {elec, +Rage rF+ rN+
                  | Will-}
  7481 | D:8      | Identified the ring "Ekuu" {Will+ Str+2 Int+3 Slay+6 SInv}
  7722 | D:6      | Reached ***** piety under Okawaru
  7723 | D:6      | Reached skill level 7 in Unarmed Combat
  7903 | D:6      | Received a gift from Okawaru
  8502 | D:7      | Found a snail-covered altar of Cheibriados.
  8939 | D:8      | Found a transporter.
  8982 | D:8      | Noticed Grum
  9566 | D:9      | Gained mutation: You regenerate magic rapidly. [demonic
                  | ancestry]
  9566 | D:9      | Reached XP level 10. HP: 43/76 MP: 9/13
  9743 | D:9      | Found a snail-covered altar of Cheibriados.
 10161 | D:10     | Entered Level 10 of the Dungeon
 10194 | D:10     | Noticed a death yak
 10194 | D:10     | Noticed a death yak
 10720 | D:8      | Noticed Dracia's ghost (novice DsFi)
 10761 | D:8      | Found a transporter.
 10774 | D:8      | Reached skill level 5 in Dodging
 10793 | D:8      | Mangled by a gnoll

Illustrated notes

Levels and vault maps discovered:
D:1:      giann_wishing_wells, layout_basic, okawaru_ov_weapons_minmay
D:2:      layout_basic, kennysheep_generic_room_6
D:3:      layout_basic, dancing_weapons_uskayaw, general_overflow_altar,
          nzn_hepliaklqana_mist_gate, minmay_fractal_squares_diagonal_5
D:4:      layout_loops_ring
D:5:      layout_basic, kennysheep_vampire_church, kennysheep_mini_moat,
          serial_shops, shop, xom_confusion_cloud
D:6:      layout_basic, minmay_temple_entry_junction
D:7:      layout_basic, basic_altar, minmay_misc_feat_hallway
D:8:      layout_cave_pools, gammafunk_ghost_gnarly_gnolls
D:9:      kennysheep_big_flooded_room, layout_loops_corners, slow_altar_1,
          serial_bayou_ford_a, disabler_island
D:10:     layout_small_grid, dpeg_lair_monsters, uniq_joseph

Skill      XL: |  1  2  3  4  5  6  7  8  9 10 |
---------------+-------------------------------+-----
Short Blades   | 2 3 |  3.0
Evocations     | 1 2 3 4 |  4.0
Unarmed Combat | 1 2 3 4 6 7 |  7.6
Invocations    | 1 2 3 4 |  4.0
Dodging        | 2 4 5 |  5.0
Armour         | 1 2 3 4 |  4.4
Throwing       | 1 3 4 |  4.3
Fighting       | 4 5 6 |  6.0
Stealth        | |  4.5

Action                   |  1- 3 |  4- 6 |  7- 9 | 10-12 || total
-------------------------+-------+-------+-------+-------++-------
Melee: Short sword       |    30 |    28 |       |       ||    58
       Unarmed           |       |   163 |   203 |    28 ||   394
       Punch             |       |     1 |     3 |     1 ||     5
Throw: Boomerang         |       |       |    63 |       ||    63
Invok: Heroism           |       |       |     3 |     2 ||     5
  Use: Potion            |       |     2 |       |     1 ||     3
       Scroll            |       |       |     6 |       ||     6
 Stab: Sleeping          |     3 |    10 |     2 |       ||    15
       Distracted        |       |       |     1 |       ||     1
Armor: Leather armour    |     2 |     9 |       |       ||    11
       Ring mail         |       |    25 |    76 |       ||   101
       Scale mail        |       |       |       |     6 ||     6
Dodge: Dodged            |    20 |    70 |   132 |    13 ||   235
Block: Other             |       |       |       |     5 ||     5
